 Dungeon Crawl Stone Soup version 0.26-a0-597-gb535b0901c (webtiles) character file.

Game seed: 6089289663392184113

312 ANON1729 the Sneak (level 6, -3/49 HPs)
             Began as a Demonspawn Delver on Aug 26, 2020.
             Killed by divine providence
             ... invoked by an orc priest
              (11 damage)
             ... on level 5 of the Dungeon.
             The game lasted 00:04:43 (2204 turns).

ANON1729 the Sneak (Demonspawn Delver)              Turns: 2204, Time: 00:04:43

Health: -3/49      AC:  3    Str: 14    XL:     6   Next: 18%
Magic:  6/6        EV: 13    Int: 11    God:
Gold:   284        SH:  0    Dex: 15    Spells: 5/5 levels left

rFire    . . .     SeeInvis .   k - +0 long sword
rCold    . . .     Faith    .   (no shield)
rNeg     . . .     Spirit   .   b - +0 leather armour
rPois    .         Reflect  .   (no helmet)
rElec    .         Harm     .   (no cloak)
rCorr    .                      (no gloves)
MR       .....                  (no boots)
Stlth    +++.......             (no amulet)
HPRegen  0.16/turn              (no ring)
MPRegen  0.10/turn              (no ring)

@: no status effects
A: talons 1, demonic guardian 1, powered by pain 1
a: no special abilities


You were on level 5 of the Dungeon.
You visited 2 branches of the dungeon, and saw 2 of its levels.
You also visited: Ossuary.

You collected 284 gold pieces.

Inventory:

Hand Weapons
 k - a +0 long sword (weapon)
Armour
 b - a +0 leather armour (worn)
Wands
 g - a wand of digging (3)
Scrolls
 c - a scroll of fog
 e - a scroll of fear
 h - a scroll of enchant weapon {unknown}
 i - 2 scrolls of teleportation {unknown}
 j - 2 scrolls of identify {unknown}
Potions
 d - a potion of cancellation {unknown}
 f - a potion of haste


   Skills:
 + Level 4.3 Fighting
 + Level 3.2 Long Blades
 + Level 3.3 Dodging
 + Level 5.5 Stealth


You had 5 spell levels left.
You didn't know any spells.
Your spell library was empty.

Dungeon Overview and Level Annotations

Branches:
Dungeon (5/15)             Temple (1/1) D:5         Ossuary (visited)

Altars:
Ashenzari
Cheibriados
Hepliaklqana
Nemelex Xobeh
Qazlal
Ru
Sif Muna
Trog
Uskayaw
Wu Jian
Yredelemnul


Innate Abilities, Weirdness & Mutations

You have sharp toenails.
A weak demonic guardian rushes to your aid.
You sometimes gain a little power by taking damage.


Message History

The orc wizard hits your white imp but does no damage.
Your quasit bites the orc.
Your quasit claws the orc.
Your quasit closely misses the orc.
The orc hits your quasit but does no damage.
Your quasit bites the orc.
Your quasit barely misses the orc.
Your quasit claws the orc.
Your quasit bites the orc.
The orc dies!
Something hits your quasit but does no damage.
The orc priest casts a cantrip, but nothing happens.
The orc priest miscasts a cantrip.
There is an open door here.
The orc priest casts a cantrip, but nothing happens.
Your quasit disappears in a puff of smoke!
The orc priest calls down the wrath of Beogh upon you.
Beogh smites you!
* * * LOW HITPOINT WARNING * * *
The orc priest mumbles some strange prayers to Beogh against you.
Beogh smites you!
You die...

#.......#...#*,,,,,
#.......#...#,,,,,,
######......'...#,,,_,,
##...##....#######,,,,,,
#....##....####..##,,,,,
#.....'...........##,,,*
####...##............#####
#..##'###................#
#....†.##@...###...##....#
#......##....###...##.....
##.....##5...............)
##.....##..o....o........#
#......#..§..............#
##.<...#####'###<..##.....
#.....##....###...##.....
########<.........#.....#
#.....).....#.....#


You could see an orc priest, an orc and a friendly ufetubus (summoned,
wandering).

Vanquished Creatures
  A centaur zombie (Ossuary)
  A jelly (D:5)
  An orc priest (D:5)
  An orc wizard (D:5)
  A big kobold zombie (Ossuary)
  2 orcs (D:5)
  A giant cockroach (D:5)
  6 gnoll zombies (Ossuary)
  A ball python skeleton (D:5)
  2 goblin zombies (Ossuary)
  2 hobgoblin zombies (Ossuary)
  2 orc zombies (Ossuary)
  A quokka skeleton (D:5)
22 creatures vanquished.

Vanquished Creatures (collateral kills)
  2 ogres (D:5)
  A hound (D:5)
  2 mummies (Ossuary)
  An orc (D:5)
6 creatures vanquished.

Grand Total: 28 creatures vanquished

Notes
Turn   | Place    | Note
-------+----------+-------------------------------------------
     0 | D:5      | ANON1729 the Demonspawn Delver began the quest for the Orb.
     0 | D:5      | Reached XP level 1. HP: 18/18 MP: 1/1
    12 | D:5      | Noticed an ogre
    23 | D:5      | Found a staircase to the Ecumenical Temple.
    23 | D:5      | Noticed an orc priest
    29 | D:5      | Killed an orc priest
    29 | D:5      | Gained mutation: You sometimes gain a little power by
                  | taking damage. [demonic ancestry]
    29 | D:5      | Reached XP level 2. HP: 24/24 MP: 2/2
    29 | D:5      | Reached XP level 3. HP: 29/29 MP: 3/3
    33 | Temple   | Entered the Ecumenical Temple
   311 | D:5      | Noticed an ogre
   327 | D:5      | Found a sand-covered staircase.
   336 | Ossuary  | Entered an ossuary
   532 | Ossuary  | Gained mutation: A weak demonic guardian rushes to your
                  | aid. [demonic ancestry]
   532 | Ossuary  | Reached XP level 4. HP: 12/35 MP: 4/4
   871 | Ossuary  | Reached skill level 5 in Stealth
  1381 | D:5      | Killed an ogre
  1381 | D:5      | Reached XP level 5. HP: 22/42 MP: 5/5
  1564 | D:5      | Killed an ogre
  1919 | D:5      | Gained mutation: You have sharp toenails. [demonic
                  | ancestry]
  1919 | D:5      | Reached XP level 6. HP: 28/48 MP: 6/6
  2204 | D:5      | Killed from afar by an orc priest

Illustrated notes

Levels and vault maps discovered:
D:5:      layout_gridville, lemuel_round_altar,
          minmay_temple_entry_proselytizer, enter_ossuary_1,
          grunt_decor_one_mirror
Temple:   minmay_temple_curvy_loop

Skill      XL: |  1  2  3  4  5 |
---------------+----------------+-----
Long Blades    | 2 3 |  3.2
Dodging        | 2 3 |  3.3
Stealth        | 5 |  5.5
Fighting       | 4 |  4.3

Action                   |  1- 3 |  4- 6 || total
-------------------------+-------+-------++-------
Melee: Falchion          |    35 |    67 ||   102
       Long sword        |       |    15 ||    15
       Kick              |       |     4 ||     4
  Use: Scroll            |     1 |       ||     1
 Stab: Sleeping          |     2 |     2 ||     4
Armor: Leather armour    |     2 |    11 ||    13
Dodge: Dodged            |    26 |    60 ||    86
       Rpst.: Falchion   |     9 |    19 ||    28
       Long sword        |       |     6 ||     6

Table legend: (Time is in decaauts)
 A = Elapsed time spent in this place.
 B = Non-inter-level travel time spent in this place.
 C = Inter-level travel time spent in this place.
 D = Time resting spent in this place.
 E = Time spent auto-exploring this place.
 F = Levels seen in this place.
 G = Mean time per level.
                   A        B        C        D        E       F      G
               +--------+--------+--------+--------+--------+-----+--------+
         Total |   2226 |   2159 |     67 |   1193 |    508 |   3 |  742.0 |
       Dungeon |    957 |    914 |     43 |    448 |    246 |   1 |  957.0 |
        Temple |    216 |    192 |     24 |      0 |    191 |   1 |  216.0 |
       Ossuary |   1052 |   1052 |      0 |    745 |     71 |   1 | 1052.0 |
               +--------+--------+--------+--------+--------+-----+--------+

Top non-repeatable levels by time:
 Ossuary: 1052 daAuts
     D:5: 957 daAuts
  Temple: 216 daAuts
